 Dungeon Crawl Stone Soup version 0.29-a0-378-gc08b2e8bf8 (webtiles) character file.

Game seed: 12997220286824184811

81 spaghetti the Blocker (level 4, 19/34 HPs)
             Began as a Gnoll Wanderer on May 5, 2022.
             Was a Follower of Sif Muna.
             Quit the game on level 3 of the Dungeon.
             The game lasted 00:06:12 (3271 turns).

spaghetti the Blocker (Gnoll Wanderer)              Turns: 3271, Time: 00:06:12

Health: 19/34      AC:  6    Str: 12    XL:     4   Next: 40%
Magic:  1/8        EV: 11    Int: 12    God:    Sif Muna [*.....]
Gold:   89         SH:  8    Dex: 12    Spells: 3/9 levels left

rFire   . . .      SeeInvis .   a - +0 dagger {short}
rCold   . . .      Faith    .   e - +2 buckler
rNeg    . . .      Spirit   .   d - +0 leather armour
rPois   .          Reflect  .   l - +0 helmet
rElec   .          Harm     .   (no cloak)
rCorr   +          Rampage  .   (no gloves)
Will    .....                   (no boots)
Stlth   +.........              (no amulet)
HPRegen 0.11/turn               o - ring of resist corrosion
MPRegen 0.11/turn               (no ring)

@: lethally poisoned (19 -> -1), flying, very slightly contaminated
A: fangs 1, strong nose, distributed training, iridescent scales 1
a: Renounce Religion, Channel Magic


You were on level 3 of the Dungeon.
You worshipped Sif Muna.
Sif Muna was aware of your devotion.
You visited 1 branch of the dungeon, and saw 3 of its levels.

You collected 89 gold pieces.


Innate Abilities, Weirdness & Mutations

You have very sharp teeth.
Your uncanny sense of smell can sniff out nearby items.
Your experience applies equally to all skills.
You are partially covered in iridescent scales. (AC +2)


   Skills:
 + Level 2.7 Fighting
 + Level 1.1 Short Blades
 + Level 1.1 Long Blades
 + Level 1.1 Axes
 + Level 1.1 Maces & Flails
 + Level 1.1 Polearms
 + Level 1.1 Staves
 + Level 1.1 Slings
 + Level 1.1 Bows
 + Level 1.1 Crossbows
 + Level 1.1 Throwing
 + Level 1.1 Armour
 + Level 2.7 Dodging
 + Level 1.1 Stealth
 + Level 8.5 Shields
 + Level 1.1 Unarmed Combat
 + Level 3.0 Spellcasting
 + Level 3.8 Conjurations
 + Level 0.9 Hexes
 + Level 0.9 Summonings
 + Level 0.9 Necromancy
 + Level 0.9 Translocations
 + Level 0.9 Transmutations
 + Level 0.9 Fire Magic
 + Level 0.9 Ice Magic
 + Level 0.9 Air Magic
 + Level 0.9 Earth Magic
 + Level 0.9 Poison Magic
 + Level 2.8 Invocations
 + Level 1.1 Evocations


You had 3 spell levels left.
You knew the following spells:

 Your Spells              Type           Power      Damage    Failure   Level
a - Foxfire               Conj/Fire      28%        2x1d5     16%         1
b - Ensorcelled Hibernat  Hex/Ice        8%         N/A       38%         2
c - Mephitic Cloud        Conj/Pois/Air  6%         N/A       47%         3

Your spell library contained the following spells:

 Spells                   Type           Power      Damage    Failure   Level
 Gell's Gravitas          Tloc           4%         N/A       63%         3
 Spider Form              Tmut/Pois      4%         N/A       63%         3
 Teleport Other           Tloc           4%         N/A       63%         3
 Anguish                  Hex/Necr       2%         N/A       95%         4
 Dispersal                Tloc           2%         N/A       100%        6

Inventory:

Hand Weapons
 a - a +0 dagger (weapon) {short}
Missiles
 h - 9 poisoned darts {throwing}
 i - 54 stones (quivered) {throwing}
Armour
 d - a +0 leather armour (worn)
 e - a +2 buckler (worn)
 l - a +0 helmet (worn)
   (You found it on level 2 of the Dungeon)
Jewellery
 j - an amulet of guardian spirit
   (You found it on level 1 of the Dungeon)
 o - a ring of resist corrosion (left hand)
   (You took it off a kobold on level 2 of the Dungeon)
Scrolls
 f - a scroll of amnesia {unknown}
 g - a scroll of enchant armour {unknown}
 n - a scroll of noise {unknown}
 p - a scroll of enchant weapon {unknown}
Potions
 k - a potion of mutation {!q}

Dungeon Overview and Level Annotations

Branches:
Dungeon (3/15)

Altars:
Sif Muna

Shops:
D:2

! (.. ... .. .. ∆
#(# #.# .. .. ∆ (#.
#g# #g# #g## #@.##
##...## #.....# #
##...## .#
.######.########..#
..................#
#####.....###....#
#.......<..#
##.....###>...#


You could see 3 gnolls.


Message History

Aiming: Ensorcelled Hibernation (quite dangerous; 38% risk of failure)
Press: ? - help, Shift-Dir - straight line, f/p - gnoll
Aim: a gnoll, wielding a +1 whip of venom (lightly wounded, chance to affect: 46%)
You miscast Ensorcelled Hibernation.
You are very lightly contaminated with residual magic.
Nothing appears to happen.
You feel sick.
The gnoll barely misses you. 😕 HP[-2] MP[-2]
You take 2 damage, and now have 29/34 hp.
You lost 2 mp, and now have 6/8 mp.
Casting: Ensorcelled Hibernation (quite dangerous; 38% risk of failure)
Confirm with . or Enter, or press ? or * to list all spells.
The spell is quite dangerous to miscast (38% risk of failure)!
Continue anyway?
Aiming: Ensorcelled Hibernation (quite dangerous; 38% risk of failure)
Press: ? - help, Shift-Dir - straight line, f/p - gnoll
Aim: a gnoll, wielding a +1 whip of venom (lightly wounded, chance to affect: 46%)
The gnoll resists with some effort.
You feel sick. The gnoll hits you but does no damage.
You are more poisoned. 😕 HP[-2] MP[-2]
You take 2 damage, and now have 27/34 hp.
You lost 2 mp, and now have 4/8 mp.
Casting: Ensorcelled Hibernation (quite dangerous; 38% risk of failure)
Confirm with . or Enter, or press ? or * to list all spells.
The spell is quite dangerous to miscast (38% risk of failure)!
Continue anyway?
Aiming: Ensorcelled Hibernation (quite dangerous; 38% risk of failure)
Press: ? - help, Shift-Dir - straight line, f/p - gnoll
Aim: a gnoll, wielding a +1 whip of venom (lightly wounded, chance to affect: 46%)
The gnoll looks drowsy...
You feel very sick. 😮 HP[-3] MP[-2]
You take 3 damage, and now have 24/34 hp.
You lost 2 mp, and now have 2/8 mp.
The helpless gnoll fails to defend itself.
You hit the gnoll.
You feel very sick.
The gnoll hits you with a +1 whip of venom.
You are lethally poisoned! 😮 HP[-6]
You take 6 damage, and now have 18/34 hp.
Unknown command.
Unknown command.
You feel better. The gnoll misses you. 😮 HP[+6]
You regained 6 hp, and now have 24/34 hp.
Okay, then.
Casting: Ensorcelled Hibernation (quite dangerous; 38% risk of failure)
Confirm with . or Enter, or press ? or * to list all spells.
The spell is quite dangerous to miscast (38% risk of failure)!
Continue anyway?
Aiming: Ensorcelled Hibernation (quite dangerous; 38% risk of failure)
Press: ? - help, Shift-Dir - straight line, f - gnoll, p - gnoll
Aim: a gnoll, wielding a +0 flail (chance to affect: 46%)
You miscast Ensorcelled Hibernation.
Nothing appears to happen.
You block the gnoll's attack. 😮 MP[-1]
You lost 1 mp, and now have 1/8 mp.
You hit the gnoll. You bite the gnoll, but do no damage.
You block the gnoll's attack.
You aren't carrying any items that you can evoke.
It was a potion of mutation.
You feel extremely strange.
Iridescent scales grow over part of your body.
You block the gnoll's attack. 😮 HP[+1] Unknown command.
You hit the gnoll but do no damage. You block the gnoll's attack.
You hit the gnoll but do no damage.
The gnoll hits you with a +1 whip of venom.
You are poisoned. 😮 HP[-2]
You take 2 damage, and now have 23/34 hp.
Unknown command.
Unknown command.
It was a potion of flight.
You feel very buoyant.
You fly up into the air.
You feel very sick. The gnoll barely misses you. 😮 HP[-3]
You take 3 damage, and now have 20/34 hp.
You feel much better.
You feel sick.
The gnoll hits you with a +1 whip of venom.
You are more poisoned. 😕 HP[+12]
You regained 12 hp, and now have 32/34 hp.
You feel very sick. 😕 HP[-4]
You take 4 damage, and now have 28/34 hp.
The gnoll attacks as you move away!
The gnoll hits you with a +1 whip of venom.
You are lethally poisoned!
You feel very sick. 😮 HP[-9]
You take 9 damage, and now have 19/34 hp.
MASSIVE DAMAGE!! (PAUSE) Unknown command.
You are lethally poisoned (19 -> -1).
You are flying.
You are very lightly contaminated with residual magic.
Your flying speed is average.
Your attack delay is about 0.9.
Unknown command.
Are you sure you want to abandon this character and quit the game? (Confirm with "yes".)

Skill      XL: |  1  2  3  4 |
---------------+-------------+-----
Short Blades   | 1 |  1.1
Long Blades    | 1 |  1.1
Axes           | 1 |  1.1
Maces & Flails | 1 |  1.1
Polearms       | 1 |  1.1
Staves         | 1 |  1.1
Slings         | 1 |  1.1
Bows           | 1 |  1.1
Crossbows      | 1 |  1.1
Throwing       | 1 |  1.1
Armour         | 1 |  1.1
Stealth        | 1 |  1.1
Unarmed Combat | 1 |  1.1
Evocations     | 1 |  1.1
Spellcasting   | 3 |  3.0
Fighting       | |  2.7
Dodging        | |  2.7
Shields        | |  8.5
Conjurations   | |  3.8
Hexes          | |  0.9
Summonings     | |  0.9
Necromancy     | |  0.9
Translocations | |  0.9
Transmutations | |  0.9
Fire Magic     | |  0.9
Ice Magic      | |  0.9
Air Magic      | |  0.9
Earth Magic    | |  0.9
Poison Magic   | |  0.9
Invocations    | |  2.8

Action                   |  1- 3 |  4- 6 || total
-------------------------+-------+-------++-------
Melee: Dagger            |   183 |    78 ||   261
       Bite              |    15 |     4 ||    19
Throw: Stone             |     3 |     5 ||     8
 Cast: Foxfire           |     4 |       ||     4
       Ensorcelled Hiber |       |     2 ||     2
  Use: Potion            |     1 |     4 ||     5
 Stab: Sleeping          |       |     1 ||     1
Armor: Leather armour    |    32 |    19 ||    51
Dodge: Dodged            |    79 |    32 ||   111
Block: Buckler           |    70 |    27 ||    97

Levels and vault maps discovered:
D:1:      erik_arrival_cave_to_civilisation [erik_arrival_cave_to_hall],
          layout_basic, hellmonk_ecumenical_altar_arch_garden
D:2:      minmay_alternating_diamond, layout_basic, serial_shops,
          nicolae_shop_window_shopping
D:3:      layout_loops_ring

Notes
Turn   | Place    | Note
-------+----------+-------------------------------------------
     0 | D:1      | spaghetti the Gnoll Wanderer began the quest for the Orb.
     0 | D:1      | spaghetti set off with the following items: a +0 dagger
                  | {short}, a potion of curing {@q1}, a potion of heal wounds
                  | {@q2}, a +0 leather armour, a +2 buckler; and the following
                  | spell memorised: Foxfire; and the following spells
                  | available to memorise: Mephitic Cloud
     0 | D:1      | Reached XP level 1. HP: 17/17 MP: 4/4
     0 | D:1      | magus.rc [v1.9.6]
    36 | D:1      | You pick up a book of Dreams and begin reading...
    36 | D:1      | You add the spells Ensorcelled Hibernation, Spider Form and
                  | Anguish to your library.
   213 | D:1      | Reached XP level 2. HP: 23/23 MP: 5/5
   954 | D:1      | Found a faded altar of an unknown god.
   992 | D:1      | Prayed at the altar of an unknown god.
   992 | D:1      | Became a worshipper of Sif Muna the Loreminder
   992 | D:1      | Reached * piety under Sif Muna
  1172 | D:1      | Learned a level 2 spell: Ensorcelled Hibernation
  1431 | D:2      | Found Safoen's Distillery.
  1469 | D:2      | Reached XP level 3. HP: 15/28 MP: 7/7
  1473 | D:2      | Learned a level 3 spell: Mephitic Cloud
  2040 | D:2      | Reached skill level 1 in Short Blades
  2040 | D:2      | Reached skill level 1 in Long Blades
  2040 | D:2      | Reached skill level 1 in Axes
  2040 | D:2      | Reached skill level 1 in Maces & Flails
  2040 | D:2      | Reached skill level 1 in Polearms
  2040 | D:2      | Reached skill level 1 in Staves
  2040 | D:2      | Reached skill level 1 in Slings
  2040 | D:2      | Reached skill level 1 in Bows
  2040 | D:2      | Reached skill level 1 in Crossbows
  2040 | D:2      | Reached skill level 1 in Throwing
  2040 | D:2      | Reached skill level 1 in Armour
  2040 | D:2      | Reached skill level 1 in Stealth
  2040 | D:2      | Reached skill level 1 in Unarmed Combat
  2040 | D:2      | Reached skill level 1 in Evocations
  2180 | D:2      | Reached XP level 4. HP: 34/34 MP: 8/8
  2522 | D:2      | Reached skill level 3 in Spellcasting
  3084 | D:2      | You add the spells Gell's Gravitas, Teleport Other and
                  | Dispersal to your library.
  3264 | D:3      | Gained mutation: You are partially covered in iridescent
                  | scales. (AC +2) [potion of mutation]
  3271 | D:3      | Quit the game

Vanquished Creatures
  4 adders (D:2)
  2 dart slugs (D:2)
  3 bats
  An endoplasm (D:1)
  2 giant cockroaches (D:2)
  2 goblins (D:1)
  9 hobgoblins
  A quokka (D:1)
  2 ball pythons
  A frilled lizard (D:2)
  7 kobolds
  7 rats
41 creatures vanquished.

Vanquished Creatures (others)
  8 foxfires (D:2)
8 creatures vanquished.

Grand Total: 49 creatures vanquished

Table legend:
 A = Non-vault XP
 B = Vault XP
 C = Vault XP percentage of total XP
 D = Non-vault monster count
 E = Vault monster count
 F = Vault count percentage of total count
                 A         B        C        D         E       F
            +---------+---------+-------+---------+---------+-------
      Total |     114 |       2 |   1.7 |      40 |       1 |   2.4
            +---------+---------+-------+---------+---------+-------
        D:1 |      32 |       0 |   0.0 |      20 |       0 |   0.0
        D:2 |      82 |       2 |   2.4 |      20 |       1 |   4.8
            +---------+---------+-------+---------+---------+-------

Illustrated notes

Table legend:
 A = Kills in this place as a percentage of kills in entire the game.
 B = Kills by you in this place as a percentage of kills by you in the entire game.
 C = Kills by friends in this place as a percentage of kills by friends in the entire game.
 D = Other kills in this place as a percentage of other kills in the entire game.
 E = Experience gained in this place as a percentage of experience gained in the entire game.
 F = Experience gained in this place divided by the number of levels of this place that you have seen.
                   A       B       C       D       E      F
               +-------+-------+-------+-------+-------+----------------------
         Total | 100.0 | 100.0 |   N/A |   N/A | 100.0 |  38.7
       Dungeon | 100.0 | 100.0 |   N/A |   N/A | 100.0 |  38.7
               +-------+-------+-------+-------+-------+----------------------

Table legend: (Time is in decaauts)
 A = Elapsed time spent in this place.
 B = Non-inter-level travel time spent in this place.
 C = Inter-level travel time spent in this place.
 D = Time resting spent in this place.
 E = Time spent auto-exploring this place.
 F = Levels seen in this place.
 G = Mean time per level.
                   A        B        C        D        E       F      G
               +--------+--------+--------+--------+--------+-----+--------+
         Total |   3271 |   3209 |     62 |    742 |   1962 |   3 | 1090.3 |
       Dungeon |   3271 |   3209 |     62 |    742 |   1962 |   3 | 1090.3 |
               +--------+--------+--------+--------+--------+-----+--------+

Top non-repeatable levels by time:
     D:2: 1805 daAuts
     D:1: 1432 daAuts
     D:3: 33 daAuts
